 Dungeon Crawl Stone Soup version 0.28-a0-178-ga708605c5b (webtiles) character file.

Game seed: 4155829339449761800

11 aSlayers the Cutter (level 2, 0/25 HPs)
             Began as a Ghoul Gladiator on Aug 17, 2021.
             Slain by a goblin (1 damage)
             ... on level 1 of the Dungeon.
             The game lasted 00:07:51 (400 turns).

aSlayers the Cutter (Ghoul Gladiator)                Turns: 400, Time: 00:07:52

Health: 0/25       AC:  4    Str: 17    XL:     2   Next: 25%
Magic:  1/1        EV: 12    Int:  3    God:
Gold:   9          SH:  0    Dex: 10    Spells: 1/1 levels left

rFire   . . .      SeeInvis .   a - +0 rapier
rCold   + . .      Faith    .   (no shield)
rNeg    + + +      Spirit   .   b - +0 leather armour
rPois   ∞          Reflect  .   c - +0 helmet
rElec   .          Harm     .   (no cloak)
rCorr   .          Rampage  .   (no gloves)
Will    .....                   (no boots)
Stlth   +.........              (no amulet)
HPRegen 0.00/turn               (no ring)
MPRegen 0.07/turn               (no ring)

@: inhibited regen
A: claws 1, cold resistance 1, negative energy resistance 3, inhibited
regeneration, torment resistance 2
a: no special abilities


You were on level 1 of the Dungeon.
You visited 1 branch of the dungeon, and saw 1 of its levels.

You collected 9 gold pieces.

Inventory:

Hand Weapons
 a - a +0 rapier (weapon)
Missiles
 d - 3 throwing nets (quivered)
Armour
 b - a +0 leather armour (worn)
 c - a +0 helmet (worn)
 e - a +0 robe
 f - a +3 chain mail of fire resistance


   Skills:
 + Level 2.4 Fighting
 + Level 2.8 Short Blades
 + Level 2.0 Throwing
 + Level 2.8 Dodging


You had one spell level left.
You didn't know any spells.
Your spell library contained the following spells:

 Spells                   Type           Power      Damage    Failure   Level
 Gell's Gravitas          Tloc           0%         N/A       92%         3
 Teleport Other           Tloc           0%         N/A       92%         3
 Dispersal                Tloc           0%         N/A       100%        6


Dungeon Overview and Level Annotations

Branches:
Dungeon (1/15)

Altars:


Innate Abilities, Weirdness & Mutations

You thrive by killing the living.
You are immune to poison.
You have sharp fingernails.
Your flesh is cold resistant. (rC+)
You are immune to negative energy. (rN+++)
You do not regenerate when monsters are visible.
You are immune to unholy pain and torment.


Message History

* * * LOW HITPOINT WARNING * * *
The bat barely misses you. The bat hits you but does no damage.
The bat closely misses you. The bat barely misses you. The bat misses you.
The bat completely misses you. The bat barely misses you.
The bat closely misses you. The bat barely misses you.
The giant cockroach closely misses you. The goblin hits you but does no damage.
The giant cockroach bites you.
* * * LOW HITPOINT WARNING * * *
The bat closely misses you. The goblin closely misses you.
The giant cockroach bites you but does no damage.
You see here a rat corpse.
The bat closely misses you. The bat hits you but does no damage.
You barely miss the bat. The bat hits you but does no damage.
The bat closely misses you.
You puncture the bat!
You kill the bat!
You feel better. The giant cockroach closely misses you.
The goblin closely misses you. The hobgoblin closely misses you.
The hobgoblin hits you but does no damage.
The giant cockroach bites you.
* * * LOW HITPOINT WARNING * * *
You see here a bat corpse.
The giant cockroach barely misses you. The giant cockroach closely misses you.
The giant cockroach barely misses you. The giant cockroach closely misses you.
The giant cockroach barely misses you.
You see here a +0 helmet.
The giant cockroach barely misses you.
The giant cockroach bites you but does no damage.
The hobgoblin hits you but does no damage.
The giant cockroach bites you but does no damage.
The endoplasm jiggles.
The giant cockroach barely misses you. The giant cockroach closely misses you.
The goblin hits you with a +0 club.
You die...

########## #........#####
###+#..........# #.)...g@.......#
##########....gB####....######
.........'.†...J# #.........#
..####.###......# #.....###.# ##
...###.###......####......##.###.
....$.?..........................
...###.....#..##.#.#...........#.
...#######.#...#.#.#...........##
..)g.g.J...##......#...........'.


You could see an endoplasm, a giant cockroach, a hobgoblin and a goblin.

Vanquished Creatures
  A dart slug (D:1)
  A giant cockroach (D:1)
  3 kobolds (D:1)
  2 ball pythons (D:1)
  3 bats (D:1)
  A rat (D:1)
11 creatures vanquished.

Notes
Turn   | Place    | Note
-------+----------+-------------------------------------------
     0 | D:1      | aSlayers the Ghoul Gladiator began the quest for the Orb.
     0 | D:1      | Reached XP level 1. HP: 17/17 MP: 0/0
   245 | D:1      | Reached XP level 2. HP: 24/24 MP: 1/1
   247 | D:1      | Identified a scroll of acquirement
   247 | D:1      | Acquired a +3 chain mail of fire resistance
   369 | D:1      | HP: 1/25 [giant cockroach (1)]
   374 | D:1      | HP: 1/25 [giant cockroach (2)]
   400 | D:1      | Slain by a goblin

Illustrated notes

Levels and vault maps discovered:
D:1:      dpeg_arrival_arbitrary_c, layout_basic

Skill      XL: |  1 |
---------------+----+-----
Throwing       | 2 |  2.0
Fighting       | |  2.4
Short Blades   | |  2.8
Dodging        | |  2.8

Action                   || total
-------------------------++-------
Melee: Rapier            ||    29
  Use: Scroll            ||     2
Armor: Leather armour    ||    35
Dodge: Dodged            ||    83

Table legend: (Time is in decaauts)
 A = Elapsed time spent in this place.
 B = Non-inter-level travel time spent in this place.
 C = Inter-level travel time spent in this place.
 D = Time resting spent in this place.
 E = Time spent auto-exploring this place.
 F = Levels seen in this place.
 G = Mean time per level.
                   A        B        C        D        E       F      G
               +--------+--------+--------+--------+--------+-----+--------+
         Total |    402 |    390 |     12 |      0 |      7 |   1 |  402.0 |
       Dungeon |    402 |    390 |     12 |      0 |      7 |   1 |  402.0 |
               +--------+--------+--------+--------+--------+-----+--------+

Top non-repeatable levels by time:
     D:1: 402 daAuts
